 Dungeon Crawl Stone Soup version 0.32-a0-675-gdc239d62e1 (webtiles) character file.

Game seed: 15153841702412391928

6986 ezpacito the Chopper (level 11, -5/84 HPs)
             Began as a Coglin Chaos Knight on Mar 12, 2024.
             Was a Plaything of Xom.
             Slain by an orc warlord
             ... wielding a +6 battleaxe
              (36 damage)
             ... in a bailey.
             The game lasted 00:11:57 (7962 turns).

ezpacito the Chopper (Coglin Chaos Knight)          Turns: 7962, Time: 00:11:58

Health: -5/84      AC: 10    Str: 17      XL:     11   Next: 8%
Magic:  16/16      EV: 14    Int: 11 (12) God:    Xom [......]
Gold:   492        SH:  4    Dex: 13      Spells: 17/17 levels left

rFire   . . .        k - +4 broad axe (chaos) {Synnove}
rCold   . . .        z - +7 falchion "Zowutad" {freeze, SInv}
rNeg    . . .        x - +1 leather armour of Philately {rPois rF- Regen+ Slay+6}
rPois   +            m - +2 helmet
rElec   .            r - +0 cloak
rCorr   .            (no gloves)
SInv    +            (no boots)
Will    .....        (amulet unavailable)
Stlth   ++           (ring unavailable)
HPRegen 1.14/turn    (ring unavailable)
MPRegen 0.15/turn    (no gizmo)

%: clarity
@: mighty, hasted, invisible, revved, very quick
A: off-hand wielding, slow wielding, warmup strikes, no jewellery, large bone
plates 1, clarity, fire resistance 1, shaggy fur 1, MP-powered wands
a: Invent Gizmo, Renounce Religion


You were in a bailey.
You worshipped Xom.
You were a very special plaything of Xom.
You visited 2 branches of the dungeon, and saw 10 of its levels.
You also visited: Sewer and Bailey.

You collected 492 gold pieces.

Inventory:

Hand Weapons
 a - a +0 hand axe of chaos {Bianca}
 k - a +4 broad axe of chaos (weapon) {Synnove}
 z - the +7 falchion "Zowutad" (offhand) {freeze, SInv}
   (You found it on level 4 of the Dungeon)

   SInv:      It lets you see invisible.
Missiles
 f - a throwing net (quivered)
 o - 22 poisoned darts
 y - 10 boomerangs
 E - 16 darts of dispersal
Armour
 m - a +2 helmet (worn)
 r - a +0 cloak (worn)
 x - the +1 leather armour of Philately (worn) {rPois rF- Regen+ Slay+6}
   (You found it in a sewer)

   Slay+6:    It affects your accuracy & damage with ranged weapons and melee
   (+6).
   rF-:       It makes you vulnerable to fire.
   rPois:     It protects you from poison.
   Regen+:    It increases your rate of health regeneration.
Magical Staves
 g - a staff of earth
Wands
 j - a wand of roots (8)
 u - a wand of paralysis (9)
 w - a wand of flame (15)
Scrolls
 b - a scroll of silence
 c - a scroll of butterflies
 e - a scroll of revelation
 n - a scroll of amnesia
 s - 2 scrolls of fog
 t - 4 scrolls of teleportation
 D - a scroll of enchant weapon
 G - a scroll of poison
 H - 3 scrolls of noise
Potions
 h - a potion of haste
 p - 2 potions of cancellation
 v - 2 potions of magic
 A - a potion of brilliance
 B - 2 potions of experience
 F - a potion of lignification
 I - a potion of ambrosia


   Skills:
 * Level 7.4 Fighting
 * Level 7.4(8.1) Axes
 + Level 4.4(6.2) Polearms
 * Level 6.4 Armour
 * Level 6.2 Dodging
 + Level 4.2 Stealth
 + Level 3.9 Spellcasting
 + Level 5.7 Evocations


You had 17 spell levels left.
You didn't know any spells.
Your spell library was empty.

Dungeon Overview and Level Annotations

Branches:
Dungeon (9/15)             Temple (1/1) D:4           Sewer (visited)
 Bailey (1/1)
   Lair: D:8-11         Orc: D:9-12

Altars:
Ashenzari
Cheibriados
Dithmenos
Elyvilon
Fedhas
Gozag
Hepliaklqana
Kikubaaqudgha
Makhleb
Nemelex Xobeh
Okawaru
Qazlal
Ru
Sif Muna
Trog
Uskayaw
Vehumet
Wu Jian
Xom
Yredelemnul
The Shining One


Innate Abilities, Weirdness & Mutations

You can wield a second weapon in your off-hand.
It takes a long time for you to wield or remove held weapons.
Your first few attacks do less damage.
You cannot equip rings or amulets.
You are partially covered in large bone plates. (SH +4)
You possess an exceptional clarity of mind.
Your flesh is heat resistant. (rF+)
You are covered in fur. (AC +1)
You expend magic power (3 MP) to strengthen your wands.


Message History

You freeze the orc warlord.
The orc warlord tears the web.
You hit the orc warlord with your +4 broad axe of chaos.
The orc warlord seems to grow stronger.
The orc warlord is lightly wounded.
You slash the goblin with your +4 broad axe of chaos!
You freeze the goblin.
You kill the goblin!
You slash the orc warlord with the +7 falchion "Zowutad"!
You freeze the orc warlord.
The orc warlord hits you with a +6 battleaxe!!
You take 31 damage, and have 53/84 hp.
MASSIVE DAMAGE!!
You are too injured to fight recklessly!
You are too injured to fight recklessly!
You are too injured to fight recklessly!
You are too injured to fight recklessly!
You feel much better.
The orc warlord hits you with a +6 battleaxe!!!
Ouch! That really hurt!
The orc warrior closely misses you.
You take 24 damage, and have 29/84 hp.
MASSIVE DAMAGE!!
Okay, then.
You slash the orc warlord with the +7 falchion "Zowutad"!
You freeze the orc warlord.
The orc warlord is moderately wounded.
You barely miss the orc warlord with your +4 broad axe of chaos.
You catch the helpless orc warrior completely off-guard!
You slash the orc warrior with your +4 broad axe of chaos!
You kill the orc warrior!
You slash the orc warlord with the +7 falchion "Zowutad"!
You freeze the orc warlord.
The orc warlord is heavily wounded.
You hit the orc warlord but do no damage.
The orc warlord barely misses you.
You slice the orc warlord with the +7 falchion "Zowutad"!!
You freeze the orc warlord.
The orc warlord is severely wounded.
You barely miss the orc warlord with your +4 broad axe of chaos.
The orc warlord hits you with a +6 battleaxe!!!
You die...
Xom snickers!

#....)..# #.......#
##.....##.........##.....##
##'####...........####'##
##.....##.........##.....##
#.......#.........#....)..#
##.......##.......##.....))##
#.........#.......#.........#
##.........###))o###.........##
#.....⌠.....###@###.....⌠.....#
##......).)##ßß.ßß##.........##
#.........#.......#.........#
##.......##.......##.......##
#....)..'.......))'.......#
##....)##.......))##.....##
#######.....⌠...[)#######
##.........## #.........#


You could see an orc warlord (wandering, strong, unable to see you).

Vanquished Creatures
  Pikel (D:4)
  An orc knight (Bailey)
  The ghost of brae the Insei, a novice DsMo (D:6)
  Grinder (D:4)
  2 hornets
  Sigmund (D:6)
  A wyvern (D:8)
  A steam dragon (D:9)
  A sky beast (D:8)
  An ice beast (D:7)
  11 orc warriors
  2 black bears
  6 centaurs
  5 kobold brigands
  2 bullfrogs
  A gnoll sergeant (D:6)
  A scorpion (D:7)
  9 wights
  4 bombardier beetles
  3 howler monkeys
  2 jellies (Sewer)
  11 orc priests
  3 hounds
  6 sleepcaps
  Crazy Yiuf (D:6)
  Terence (D:3)
  4 iguanas
  Natasha (thrice) (D:2)
  8 orc wizards
  Robin (D:3)
  12 gnolls
  6 adders
  2 river rats (Sewer)
  A shadow imp (D:3)
  2 white imps
  3 ufetubi
  34 orcs
  9 ball pythons
  A bat (D:3)
  9 endoplasms
  7 giant cockroaches
  18 goblins
  20 hobgoblins
  2 jackals (D:3)
  5 quokkas
  4 frilled lizards
  17 kobolds
  10 rats
257 creatures vanquished.

Vanquished Creatures (collateral kills)
  2 river rats (D:5)
  2 giant cockroaches (D:5)
4 creatures vanquished.

Vanquished Creatures (others)
  A ribbon worm (D:2)
  A kobold zombie (D:2)
  An orc zombie (D:3)
3 creatures vanquished.

Grand Total: 264 creatures vanquished

Notes
Turn   | Place    | Note
-------+----------+-------------------------------------------
     0 | D:1      | ezpacito the Coglin Chaos Knight began the quest for the
                  | Orb.
     0 | D:1      | Reached XP level 1. HP: 18/18 MP: 1/1
   138 | D:1      | Reached skill level 1 in Dodging
   143 | D:1      | Reached XP level 2. HP: 16/24 MP: 2/2
   236 | D:1      | Found a faded altar of an unknown god.
   363 | D:1      | XOM: silly message
   473 | D:1      | XOM: silly message
   813 | D:2      | XOM: divination: detect items
   961 | D:2      | Noticed Natasha
   973 | D:2      | HP: 1/24 [Natasha (8)]
   974 | D:2      | Killed Natasha
   975 | D:2      | Reached XP level 3. HP: 2/29 MP: 3/3
   979 | D:2      | XOM: silly message
  1284 | D:2      | Noticed Natasha
  1292 | D:2      | Killed Natasha
  1293 | D:2      | Reached skill level 1 in Polearms
  1293 | D:2      | Reached XP level 4. HP: 30/35 MP: 4/4
  1380 | D:2      | Noticed Natasha
  1383 | D:2      | XOM: enchant monster (good)
  1386 | D:2      | Killed Natasha
  1599 | D:3      | Found a blossoming altar of Fedhas.
  1688 | D:3      | Noticed Robin
  1691 | D:3      | Reached XP level 5. HP: 39/41 MP: 6/6
  1715 | D:3      | Killed Robin
  1904 | D:3      | Noticed a centaur
  1933 | D:3      | XOM: butterfly on damage
  1940 | D:3      | Killed a centaur
  1941 | D:3      | Reached skill level 1 in Stealth
  1941 | D:3      | Reached skill level 1 in Spellcasting
  1941 | D:3      | Reached XP level 6. HP: 45/48 MP: 7/7
  2110 | D:3      | XOM: smoke on damage
  2115 | D:3      | XOM: confuse monster(s)
  2233 | D:3      | XOM: divination: magic mapping
  2490 | D:3      | Noticed Terence
  2492 | D:3      | XOM: enchant monster (good)
  2494 | D:3      | Killed Terence
  2718 | D:3      | XOM: divination: magic mapping
  2967 | D:4      | Found a staircase to the Ecumenical Temple.
  2976 | Temple   | Entered the Ecumenical Temple
  2990 | D:4      | XOM: smoke on damage
  3010 | D:4      | Noticed Grinder
  3010 | D:4      | Paralysed by Grinder for 2 turns
  3015 | D:4      | XOM: silly message
  3020 | D:4      | Killed Grinder
  3021 | D:4      | Reached skill level 1 in Evocations
  3021 | D:4      | Reached XP level 7. HP: 29/55 MP: 7/9
  3199 | D:4      | XOM: silly message
  3238 | D:4      | XOM: enchant monster (bad)
  3297 | D:4      | XOM: silly message
  3607 | D:4      | XOM: potion effect (brilliance)
  3677 | D:4      | Identified the +7 falchion "Zowutad" {freeze, SInv}
  3849 | D:4      | Noticed Pikel
  3854 | D:4      | XOM: potion effect (berserk rage)
  3858 | D:4      | Killed Pikel
  3859 | D:4      | Reached skill level 5 in Fighting
  3859 | D:4      | Reached skill level 5 in Axes
  3859 | D:4      | Reached XP level 8. HP: 54/62 MP: 9/11
  4124 | D:5      | Entered Level 5 of the Dungeon
  4384 | D:5      | XOM: give mutation
  4384 | D:5      | Gained mutation: You expend magic power (3 MP) to
                  | strengthen your wands. [Xom's grace]
  4450 | D:5      | XOM: give mutations
  4450 | D:5      | Gained mutation: You are partially covered in large bone
                  | plates. (SH +4) [Xom's grace]
  4450 | D:5      | Gained mutation: You are covered in fur. (AC +1) [Xom's
                  | grace]
  4450 | D:5      | Gained mutation: Your flesh is heat resistant. (rF+) [Xom's
                  | grace]
  4529 | D:5      | XOM: scenery: summon butterflies
  4579 | D:5      | XOM: summons friendly white imp
  4605 | D:5      | Found a glowing drain.
  4614 | Sewer    | Entered a sewer
  4798 | Sewer    | Found a viscous altar of Jiyva.
  4852 | Sewer    | Identified the +1 leather armour of Philately {rPois rF-
                  | Regen+ Slay+6}
  5208 | D:5      | Reached XP level 9. HP: 68/68 MP: 12/12
  5269 | D:4      | XOM: give mutation
  5269 | D:4      | Gained mutation: You possess an exceptional clarity of
                  | mind. [Xom's grace]
  5609 | D:6      | XOM: god gift: granite talisman
  5698 | D:6      | Noticed Sigmund
  5699 | D:6      | Found a runed translucent gate.
  5699 | D:6      | Found a runed translucent gate.
  5699 | D:6      | Found a runed translucent gate.
  5699 | D:6      | Noticed brae's ghost (novice DsMo)
  5702 | D:6      | Killed Sigmund
  5708 | D:6      | XOM: god gift: scroll labelled ZEEV IREELEC {god gift}
  5711 | D:6      | Killed brae's ghost
  5833 | D:6      | Reached skill level 5 in Armour
  6002 | D:6      | XOM: destruction
  6240 | D:6      | Reached skill level 5 in Dodging
  6275 | D:6      | Found a runed translucent door.
  6276 | D:6      | Noticed Crazy Yiuf
  6325 | D:6      | Killed Crazy Yiuf
  6469 | D:7      | Reached XP level 10. HP: 77/77 MP: 14/14
  6606 | D:7      | Found an opulent altar of Gozag.
  6619 | D:7      | Found an opulent altar of Gozag.
  6624 | D:7      | Found an opulent altar of Gozag.
  6669 | D:7      | XOM: scenery: create altars
  6693 | D:7      | Found an ornate altar of the Wu Jian Council.
  6733 | D:7      | Found an opulent altar of Gozag.
  6946 | D:7      | XOM: 2-stop teleportation journey
  7147 | D:8      | XOM: noise
  7165 | D:8      | Reached skill level 5 in Evocations
  7275 | D:8      | XOM: god gift: 35 gold pieces
  7285 | D:8      | XOM: cloud trail
  7664 | D:9      | Found a flagged portal.
  7676 | D:9      | XOM: noise
  7692 | Bailey   | Entered a bailey
  7816 | Bailey   | XOM: chaos upgrade
  7821 | Bailey   | XOM: polymorph goblin -> howler monkey
  7910 | Bailey   | Noticed an orc knight
  7920 | Bailey   | Killed an orc knight
  7921 | Bailey   | Reached XP level 11. HP: 84/84 MP: 16/16
  7949 | Bailey   | Noticed an orc warlord
  7953 | Bailey   | XOM: stat loss: -1 Int (11/12)
  7962 | Bailey   | Slain by an orc warlord

Illustrated notes

Levels and vault maps discovered:
D:1:      roderic_chinese_lattice_arrival, layout_rooms,
          shapermc_ecumenical_altar_petra, st_stairs_6,
          hangedman_abyss_or_decor_stabs
D:2:      layout_basic, minivault_25, uniq_natasha
D:3:      layout_loops_ring, fedhas_altar_1, kennysheep_generic_room_6,
          uniq_robin, uniq_terence
D:4:      layout_loops_corners, minmay_temple_entry_purple_smoke,
          corexii_leaking_fountain, uniq_grinder, uniq_pikel
D:5:      layout_cave_pods, gup_sewer_entry_bubbles
D:6:      layout_gridville, ebering_ghost_rock_garden,
          chequers_serial_rivers_micro_c, uniq_crazy_yiuf_cottage, uniq_sigmund
D:7:      layout_basic, nicolae_gozag_conspicuous_consumption,
          lemuel_coloured_pillars_altar
D:8:      layout_basic, minmay_unpleasant_kobolds
D:9:      layout_roguey, zin_statuary, enter_bailey_2, mrwooster_statue_mirror,
          hangedman_ranch
Temple:   eino_narrow_crystal_temple
Bailey:   bailey_axe_minmay_hex_keep, bailey

Skill      XL: |  1  2  3  4  5  6  7  8  9 10 |
---------------+-------------------------------+-----
Dodging        | 1 2 3 4 5 6 |  6.2
Armour         | 2 3 4 5 6 |  6.4
Polearms       | 1 2 3 4 |  4.4
Stealth        | 1 2 3 4 |  4.2
Spellcasting   | 1 2 3 |  3.9
Fighting       | 4 5 6 7 |  7.4
Axes           | 4 5 6 7 |  7.4
Evocations     | 1 2 3 4 5 |  5.7

Action                     |  1- 3 |  4- 6 |  7- 9 | 10-12 || total
---------------------------+-------+-------+-------+-------++-------
  Melee: Hand axe          |    47 |   152 |   198 |   100 ||   497
         Dagger            |    42 |   148 |    11 |       ||   201
         Spear             |       |       |   137 |       ||   137
         Falchion          |       |       |    61 |   135 ||   196
         Broad axe         |       |       |       |    18 ||    18
    Use: Potion            |       |     7 |     6 |     8 ||    21
         Scroll            |       |     4 |     6 |     7 ||    17
   Stab: Paralysed         |       |     6 |       |     1 ||     7
         Sleeping          |       |     3 |     4 |     2 ||     9
         Confused          |       |     3 |     2 |       ||     5
         Distracted        |       |       |     1 |       ||     1
         Petrifying        |       |       |     1 |       ||     1
         Invisible         |       |       |       |     2 ||     2
         Held in net/web   |       |       |       |     1 ||     1
 Armour: Leather armour    |    30 |   129 |   128 |    81 ||   368
  Dodge: Dodged            |    37 |   122 |   109 |    70 ||   338
  Block: Other             |       |       |    21 |    17 ||    38

Table legend: (Time is in decaauts)
 A = Elapsed time spent in this place.
 B = Non-inter-level travel time spent in this place.
 C = Inter-level travel time spent in this place.
 D = Time resting spent in this place.
 E = Time spent auto-exploring this place.
 F = Levels seen in this place.
 G = Mean time per level.
                   A        B        C        D        E       F      G
               +--------+--------+--------+--------+--------+-----+--------+
         Total |   7997 |   7527 |    470 |    191 |   5689 |  12 |  666.4 |
       Dungeon |   7343 |   6874 |    469 |    170 |   5349 |   9 |  815.9 |
        Temple |      1 |      1 |      0 |      0 |      0 |   1 |    1.0 |
         Sewer |    379 |    379 |      0 |      0 |    230 |   1 |  379.0 |
        Bailey |    273 |    273 |      0 |     21 |    109 |   1 |  273.0 |
               +--------+--------+--------+--------+--------+-----+--------+

Top non-repeatable levels by time:
     D:3: 1330 daAuts
     D:4: 1152 daAuts
     D:2: 1060 daAuts
     D:5: 1060 daAuts
     D:6: 798 daAuts
     D:7: 643 daAuts
     D:1: 631 daAuts
     D:8: 578 daAuts
   Sewer: 379 daAuts
  Bailey: 273 daAuts
     D:9: 86 daAuts
  Temple: 1 daAuts
